 Dungeon Crawl Stone Soup version 0.28-a0-998-gb9e9c7b67e (webtiles) character file.

Game seed: 6121987741013926331

7 ytrimaz the Stinger (level 2, 17/17 HPs)
             Began as an Octopode Venom Mage on Dec 5, 2021.
             Was a Follower of Kikubaaqudgha.
             Quit the game on level 1 of the Dungeon.
             The game lasted 00:00:40 (501 turns).

ytrimaz the Stinger (Octopode Venom Mage)            Turns: 501, Time: 00:00:40

Health: 17/17      AC:  1    Str:  7    XL:     2   Next: 4%
Magic:  2/5        EV: 13    Int: 17    God:    Kikubaaqudgha [*.....]
Gold:   30         SH:  0    Dex: 12    Spells: 4/5 levels left

rFire   . . .      SeeInvis .   (no weapon)
rCold   . . .      Faith    .   (no shield)
rNeg    . . .      Spirit   .   (helmet restricted)
rPois   .          Reflect  .   (no amulet)
rElec   .          Harm     .   (no ring)
rCorr   .          Rampage  .   (no ring)
Will    .....                   (no ring)
Stlth   +++.......              (no ring)
HPRegen 0.05/turn               (no ring)
MPRegen 0.09/turn               (no ring)
                                (no ring)
                                (no ring)

@: no status effects
A: almost no armour, amphibious, 8 rings, camouflage 1, gelatinous body 1,
(nimble swimmer 1), tentacles
a: Renounce Religion, Receive Corpses


You were on level 1 of the Dungeon.
You worshipped Kikubaaqudgha.
Kikubaaqudgha was aware of your devotion.
You visited 1 branch of the dungeon, and saw 1 of its levels.

You collected 30 gold pieces.

You aren't carrying anything.


   Skills:
 + Level 2.0 Dodging
 * Level 3.1 Stealth
 + Level 2.0 Spellcasting
 * Level 1.2 Transmutations
 + Level 3.9 Poison Magic


You had 4 spell levels left.
You knew the following spells:

 Your Spells              Type           Power      Damage    Failure   Level
a - Sting                 Tmut/Pois      40%        1d5       7%          1

Your spell library contained the following spells:

 Spells                   Type           Power      Damage    Failure   Level
 Poisonous Vapours        Pois/Air       16%        N/A       13%         2
 Animate Skeleton         Necr           2%         N/A       19%         1
 Pain                     Necr           4%         1d4       19%         1
 Sublimation of Blood     Necr           1%         N/A       28%         2
 Mephitic Cloud           Conj/Pois/Air  6%         N/A       34%         3
 Olgreb's Toxic Radiance  Pois           15%        N/A       36%         4
 Vampiric Draining        Necr           1%         2d6       50%         3


Dungeon Overview and Level Annotations

Branches:
Dungeon (1/15)

Altars:
Kikubaaqudgha


Innate Abilities, Weirdness & Mutations

You cannot wear most types of armour.
You are amphibious.
You can wear up to eight rings at the same time.
Your skin changes colour to match your surroundings (Stealth+).
Your rubbery body absorbs attacks. (AC +1, EV +1)
((You are camouflaged near water. (Stealth+)))
You have tentacles for arms and can constrict up to eight enemies at once.


Message History

The kobold is severely wounded.
You kill the kobold!
You can't see any susceptible monsters within range! (Use Z to cast anyway.) HP restored.
Things that are here:
a +0 dagger; 5 stones A bat comes into view.
A bat is nearby!
A bat is nearby!
The sting misses the bat.
The bat hits you but does no damage.
You can't see any susceptible monsters within range! (Use Z to cast anyway.)
The bat barely misses you.
A bat is nearby!
A bat is nearby!
A bat is nearby!
The sting hits the bat.
The bat is poisoned.
The bat is moderately wounded.
You kill the bat!
You can't see any susceptible monsters within range! (Use Z to cast anyway.)
You can't see any susceptible monsters within range! (Use Z to cast anyway.)
Found a faded altar of an unknown god.
A giant cockroach comes into view.
A giant cockroach is nearby!
The sting hits the giant cockroach but does no damage.
The giant cockroach is poisoned.
The sting hits the giant cockroach.
The giant cockroach looks even sicker.
The giant cockroach is moderately wounded.
You kill the giant cockroach!
You have reached level 2!
A goblin comes into view. It is wielding a +0 club.
A giant cockroach comes into view.
There is a faded altar of an unknown god here.
You cannot tell which god this altar belongs to.
Convert to them anyway?
Kikubaaqudgha accepts your prayer! Kikubaaqudgha welcomes you!
You can now receive cadavers from Kikubaaqudgha.
Kikubaaqudgha grants you a gift!
You add the spells Pain, Sublimation of Blood, Animate Skeleton and Vampiric Draining to your library.
You see here a ring of magical power.
Are you sure you want to abandon this character and quit the game? (Confirm with "yes".)

#####...# ## #######
#..##...##.#
......#########.#..PP.PP#
................#.....P.###
.####.####.####.#P..P.†.#.#
.# #.# #.# ##P.P..P...# .#
#.# #.# #..PP.....# .# .#.
..# #.PB......# .# # # ...
#@P.....P.# .# ####
#####_##### .# #.P.....P.#
)# #........P# .#
#.P...P.PP# #.P...g..P#
#.#.......#.# #.#PP.....###
. #....P.P#


You could see a giant cockroach.

Vanquished Creatures
  An endoplasm (D:1)
  2 giant cockroaches (D:1)
  A bat (D:1)
  A kobold (D:1)
  3 rats (D:1)
8 creatures vanquished.

Notes
Turn   | Place    | Note
-------+----------+-------------------------------------------
     0 | D:1      | ytrimaz the Octopode Venom Mage began the quest for the
                  | Orb.
     0 | D:1      | Reached XP level 1. HP: 11/11 MP: 3/3
   477 | D:1      | Found a faded altar of an unknown god.
   491 | D:1      | Reached XP level 2. HP: 17/17 MP: 1/5
   495 | D:1      | Prayed at the altar of an unknown god.
   495 | D:1      | Became a worshipper of Kikubaaqudgha
   495 | D:1      | Reached * piety under Kikubaaqudgha
   495 | D:1      | Received a gift from Kikubaaqudgha
   501 | D:1      | Quit the game

Illustrated notes

Levels and vault maps discovered:
D:1:      dpeg_arrival_yet_another_circle, layout_loops_ring,
          shapermc_ecumenical_altar_gd, serial_bayou_pond_e, chequers_arboretum

Skill      XL: |  1 |
---------------+----+-----
Stealth        | 3 |  3.1
Dodging        | |  2.0
Spellcasting   | |  2.0
Transmutations | |  1.2
Poison Magic   | |  3.9

Action                   || total
-------------------------++-------
Melee: Unarmed           ||     1
 Cast: Sting             ||    13
Armor: Skin              ||     1
Dodge: Dodged            ||     4

Table legend: (Time is in decaauts)
 A = Elapsed time spent in this place.
 B = Non-inter-level travel time spent in this place.
 C = Inter-level travel time spent in this place.
 D = Time resting spent in this place.
 E = Time spent auto-exploring this place.
 F = Levels seen in this place.
 G = Mean time per level.
                   A        B        C        D        E       F      G
               +--------+--------+--------+--------+--------+-----+--------+
         Total |    501 |    501 |      0 |      0 |    429 |   1 |  501.0 |
       Dungeon |    501 |    501 |      0 |      0 |    429 |   1 |  501.0 |
               +--------+--------+--------+--------+--------+-----+--------+

Top non-repeatable levels by time:
     D:1: 501 daAuts
